 Dungeon Crawl Stone Soup version 0.14-a0-2730-g72a2965 (webtiles) character file.

552160 4tharraofdagon the Merfolkian Porcupine (level 26, -16/201 (222) HPs)
             Began as a Merfolk Gladiator on Feb 20, 2014.
             Was a Priest of Cheibriados.
             Killed by an indirect mummy death curse (32 damage)
             ... on Level 3 of the Tomb of the Ancients.
             The game lasted 06:21:38 (38837 turns).

4tharraofdagon the Merfolkian Porcupine (MfGl)     Turns: 38837, Time: 06:21:39

HP -16/201 (222) AC 21     Str 38      XL: 26   Next: 22%
MP   8/35        EV 30     Int 18 (19) God: Cheibriados [***...]
Gold 3998        SH 51     Dex 21      Spells:  7 memorised, 15 levels left

rFire  + + .     SeeInvis .     A - +6,+4 spear of the Silent Majority {holy, Int+1}
rCold  + . .     Rnd*Rage +     D - +2 chain mail "Liavoef" {Str+1 Acc+4 Dam+4}
rNeg   + + +     Conserve .     e - +1 large shield {reflect}
rPois  .         rCorr    .     a - -4 helmet "Ympifeof" {Dam+5}
rElec  +         rRot     .     N - -6 cloak of Dawn {rF+ rC+ Str+3 Dam+2}
SustAb + .       Spirit   .     w - +0 pair of elf gloves
rMut   .         Warding  +     n - +2 pair of boots
Saprov . . .     Stasis   .     h - cursed macabre finger necklace {Ward}
MR     +....                    l - ring of positive energy
                                y - cursed ring "Qantoheg" {rElec rF+ rN+}
                                P - ring of sustain abilities

@: recuperating, diseased, very slightly contaminated, rotting, slowed, very
slow, somewhat resistant to hostile enchantments, extremely unstealthy
A: change form in water, swift swim, repulsion field 1, iridescent scales 1,
thin metallic scales 1, berserk 2, blink 1, breathe flames 1, clumsy 1, sense
surroundings 2, slow healing 1, strong 1
a: Blink, Bend Time, Temporal Distortion, Renounce Religion, Breathe Fire
}: 3/15 runes: serpentine, barnacled, silver


You were on level 3 of the Tomb of the Ancients.
You worshipped Cheibriados.
Cheibriados was most pleased with you.
You were not hungry.

You visited 10 branches of the dungeon, and saw 60 of its levels.
You visited the Abyss 3 times.
You visited 1 bazaar.
You also visited: Sewer, Ossuary and Ice Cave.

You collected 6596 gold pieces.
You spent 2598 gold pieces at shops.

Inventory:

Hand weapons
 j - a +4,+6 vampiric spear
 A - the +6,+4 spear of the Silent Majority (weapon) {holy, Int+1}
   (You found it on level 5 of the Vaults)

   It has been blessed by the Shining One to cause great damage to the undead
   and demons.
   It affects your intelligence (+1).
 M - a +4,+4 demon trident
Armour
 a - the -4 helmet "Ympifeof" (worn) {Dam+5}
   (You found it on level 10 of the Dungeon)

   It affects your damage with ranged weapons and melee attacks (+5).
 e - a +1 large shield of reflection (worn)
 f - a +4 crystal plate armour
 n - a +2 pair of boots (worn)
 w - a +0 pair of elven gloves (worn)
 D - the +2 chain mail "Liavoef" (worn) {Str+1 Acc+4 Dam+4}
   (You took it off a vault warden on level 5 of the Vaults)

   It affects your strength (+1).
   It affects your accuracy with ranged weapons and melee attacks (+4).
   It affects your damage with ranged weapons and melee attacks (+4).
 N - the -6 cloak of Dawn (worn) {rF+ rC+ Str+3 Dam+2}
   (You found it on level 4 of the Snake Pit)

   It affects your strength (+3).
   It affects your damage with ranged weapons and melee attacks (+2).
   It protects you from fire.
   It protects you from cold.
Magical devices
 K - a wand of disintegration (19)
 S - a wand of digging (17)
 W - a wand of teleportation (7)
 Y - a wand of digging (6)
Comestibles
 z - 20 bread rations
Scrolls
 c - a scroll of teleportation
 g - 2 scrolls of fog
 i - 5 scrolls of identify
 r - 6 scrolls of remove curse
 u - 3 scrolls of blinking
 x - 3 scrolls of summoning
 L - 2 scrolls of noise
Jewellery
 b - an uncursed ring of wizardry
 d - the ring of Shritas {Hunger+ +Inv rPois rN+}
   (You took it off a necrophage on level 5 of the Crypt)

   [ring of positive energy]

   It protects you from poison.
   It lets you turn invisible.
   It greatly speeds your metabolism.
 h - the cursed macabre finger necklace (around neck) {Ward}
   (You bought it in a shop in a bazaar)

   [amulet of warding]

   It has a curse placed upon it.
 k - an uncursed amulet of clarity
 l - a ring of positive energy (right hand)
 m - an uncursed amulet of resist mutation
 q - an uncursed ring of see invisible
 y - the cursed ring "Qantoheg" (left hand) {rElec rF+ rN+}
   (You took it off a deep elf demonologist on level 3 of the Elven Halls)

   [ring of protection from fire]

   It insulates you from electricity.
   It protects you from negative energy.
   It has a curse placed upon it.
 C - the ring "Lorobb" {rF+ rN+ Acc-4 Stlth++}
   (You took it off a ghoul on level 5 of the Crypt)

   [ring of positive energy]

   It affects your accuracy with ranged weapons and melee attacks (-4).
   It protects you from fire.
   It makes you much more stealthy.
 J - an uncursed amulet of conservation
 O - a cursed ring of protection from cold
 P - a ring of sustain abilities (on amulet)
 R - a cursed amulet of resist corrosion
 Z - an uncursed ring of teleportation
Potions
 s - 2 potions of brilliance
 B - 4 potions of flight
 E - a potion of resistance
 F - 4 potions of might
 I - a potion of lignification
 Q - a potion of cure mutation
 T - a potion of invisibility
 U - 2 potions of restore abilities
 X - a potion of magic
Miscellaneous
 o - a phial of floods
 p - a fan of gales
 t - a lamp of fire
 V - a lamp of fire


   Skills:
 * Level 21.2 Fighting
 O Level 27 Polearms
 - Level 2.0 Throwing
 - Level 16.5 Armour
 * Level 21.9 Dodging
 - Level 17.0 Shields
 - Level 2.0 Spellcasting
 - Level 7.9 Charms
 - Level 5.4 Necromancy
 - Level 10.1 Invocations
 - Level 5.0 Evocations


You had 15 spell levels left.
You knew the following spells:

 Your Spells              Type           Power        Failure   Level  Hunger
a - Animate Skeleton      Necr           N/A          14%         1    #......
b - Infusion              Chrm           ####..       6%          1    #......
c - Repel Missiles        Chrm/Air       ###...       38%         2    ##.....
d - Regeneration          Chrm/Necr      ####......   24%         3    ####...
e - Song of Slaying       Chrm           ####....     10%         2    ##.....
f - Shroud of Golubria    Chrm/Tloc      ###.......   38%         2    ##.....
g - Spectral Weapon       Hex/Chrm       ###.....     80%         3    ####...


Dungeon Overview and Level Annotations

Branches:
Dungeon (16/16)            Temple (0/1) D:4             Orc (4/4) D:9
    Elf (3/3) Orc:4          Lair (8/8) D:10         Shoals (5/5) Lair:5
  Snake (5/5) Lair:3        Slime (0/6) Lair:8       Vaults (5/5) D:15
  Crypt (5/5) Vaults:2       Tomb (3/3) Crypt:2      Depths (6/6) D:16
  Blade: Vaults:3-4     Zot: Depths:6

Altars:
Ashenzari
Cheibriados
Elyvilon
Nemelex Xobeh
Xom
Zin
Jiyva

Shops:
D:6 *   D:14 [**%}   Orc:2 !   Orc:4 [=/%   Elf:1 *   Snake:2 }   Snake:4 !
Vaults:1 [=   Vaults:4 *   Depths:3 [   Depths:5 (

Portals:
Hell: Depths:1 Depths:2 Depths:3 Depths:4 Depths:5 Depths:6
Abyss: Depths:2 Depths:4
Pandemonium: Depths:1 Depths:4
Ziggurat: Depths:5
Trove: Elf:3 (give 17 potions of curing)

Annotations:
Shoals:2 Saint Roka
Shoals:4 Frances


Innate Abilities, Weirdness & Mutations

You revert to your normal form in water.
You are very nimble and swift while swimming.
You are surrounded by a mild repulsion field (EV +2).
You are partially covered in iridescent scales (AC +4).
You are partially covered in thin metallic scales (AC +2).
You often lose your temper in combat.
You can translocate small distances at will.
You can breathe flames.
You are clumsy. (Dex -2)
You passively map the area around you.
You heal slowly when monsters are visible.
Your muscles are strong. (Str +2)


Message History

Unknown command.
You puncture the guardian mummy!
The guardian mummy convulses!
The guardian mummy is almost destroyed.
You block the guardian mummy's attack.
Unknown command.
You hit the guardian mummy.
The guardian mummy convulses.
You destroy the guardian mummy!
Cheibriados appreciates the change of pace.
You feel extremely nervous for a moment...
You feel ill.
You smell decay.
You block the guardian mummy's attack.
Unknown command.
You impale the guardian mummy!!
The guardian mummy convulses!
The guardian mummy is almost destroyed.
You block the guardian mummy's attack.
You puncture the guardian mummy!
You destroy the guardian mummy!
Cheibriados appreciates the change of pace.
You feel extremely nervous for a moment...
You convulse helplessly as pain tears through your body!
You die...

#......#, ,
,#......# ,
, , ,
,#......#
,, , ,
#......# ,
, #."....#,
, , , ,
#......# ,,
, , , ,
*#..<...#*
, , ,
#[.}<..#*,,
, , * , ,
*#..@...# *
* ########
**


There were no monsters in sight!

Vanquished Creatures
  An ancient lich (Crypt:5)
  A curse toe (Crypt:5)
  Sojobo (Crypt:3)
  Margery (Crypt:3)
  5 golden dragons
  Jory (Depths:3)
  Xtahua (Crypt:3)
  A bone dragon (Crypt:5)
  Nikola (Vaults:1)
  7 tentacled monstrosities
  3 titans
  4 deep elf master archers (Elf:3)
  A deep elf blademaster (Elf:3)
  3 tentacled starspawn (Abyss:1)
  An Executioner (Elf:3)
  4 liches
  6 sphinxes
  A kraken (Shoals:5)
  4 storm dragons
  Rupert (Vaults:1)
  A daeva (Abyss:1)
  Agnes (Elf:2)
  4 ancient champions
  4 tengu reavers
  4 shadow dragons (Vaults:5)
  A revenant (Crypt:5)
  Ilsuiw (Shoals:5)
  11 ghouls
  6 fire giants
  4 greater nagas (Snake:5)
  Donald (Shoals:2)
  8 deep elf sorcerers (Elf:3)
  5 frost giants
  An orc warlord (Orc:2)
  A balrug (Abyss:1)
  14 vault wardens
  An iron dragon (Depths:6)
  Aizul (Vaults:1)
  Louise (Shoals:3)
  2 war gargoyles (Vaults:4)
  Jorgrun (Vaults:5)
  2 reapers
  8 deep elf demonologists
  3 spriggan defenders (Depths:5)
  48 stone giants
  4 vampire knights
  A green draconian (Depths:6)
  10 deep elf annihilators (Elf:3)
  A pale draconian (Depths:6)
  A yellow draconian (Depths:6)
  An unborn (Crypt:4)
  3 purple draconians
  5 merfolk javelineers
  A spectral fire dragon (Crypt:3)
  7 merfolk impalers
  35 vault guards
  2 spriggan air magi
  14 ettins
  Snorg (Snake:1)
  3 eidola
  A great orb of eyes (Vaults:5)
  6 deep elf death magi
  6 fire dragons
  14 jiangshi
  3 death oozes (Depths:2)
  2 deep elf high priests (Elf:3)
  9 mummy priests
  34 yaktaur captains
  12 ironheart preservers
  A siren (shapeshifter) (Depths:3)
  Fannar (Lair:1)
  A quicksilver dragon skeleton (Crypt:4)
  A ravenous feature mimic (Depths:6)
  4 merfolk aquamancers
  A ravenous item mimic (Depths:3)
  5 ice dragons
  8 anacondas
  14 naga warriors
  19 hydras
  23 deep troll earth magi
  16 ogre magi
  11 death yaks
  An alligator snapping turtle (Shoals:5)
  A spriggan berserker (Depths:6)
  A spectral frost giant (Tomb:2)
  4 tengu warriors
  3 spectral elves
  7 plague shamblers
  9 naga sharpshooters
  A deep dwarf death knight (Crypt:5)
  3 thrashing horrors (Abyss:1)
  2 very ugly things (Vaults:4)
  5 vampire magi
  13 deep troll shamans
  A hell hog (Abyss:1)
  4 soul eaters
  2 sun demons
  Nergalle (D:10)
  4 hell knights
  11 deep elf knights
  17 centaur warriors
  2 wretched stars (Abyss:1)
  A wizard (Depths:4)
  A shadow wraith (Crypt:3)
  19 skeletal warriors
  A shock serpent (shapeshifter) (Depths:4)
  7 flayed ghosts
  14 iron trolls
  4 shock serpents
  6 deep elf summoners
  6 naga ritualists
  45 deep trolls
  4 water nymphs
  8 ironbrand convokers
  14 large abominations (Abyss:1)
  13 sea snakes
  Pikel (D:7)
  A hellion (Abyss:1)
  6 necromancers
  A spectral wolf spider (Crypt:5)
  12 hill giants
  2 worldbinders (Abyss:1)
  4 harpies
  4 orc sorcerers
  11 griffons
  A wolf spider (shapeshifter) (Depths:5)
  3 wolf spiders
  17 deep elf conjurers
  4 flaming corpses
  10 cyclopes
  A lindwurm (shapeshifter) (Vaults:1)
  5 orc knights
  17 manticores
  A draconian (shapeshifter) (Depths:2)
  A stone giant zombie (D:16)
  2 red wasps (Vaults:4)
  5 phantasmal warriors
  5 octopodes
  An iron dragon skeleton (Crypt:4)
  2 mana vipers
  2 smoke demons (Abyss:1)
  4 sixfirhies
  A moth of wrath (shapeshifter) (Vaults:4)
  8 vault sentinels
  4 guardian serpents (Snake:1)
  A spiny worm (Vaults:5)
  28 black mambas
  A spriggan druid (Lair:8)
  3 salamander mystics
  6 salamanders
  A faun (shapeshifter) (Depths:4)
  2 spiny frogs
  An eye of devastation (Vaults:4)
  2 apocalypse crabs (Abyss:1)
  6 fauns
  2 dire elephant skeletons
  A fire drake (shapeshifter) (Depths:2)
  An orange demon (Abyss:1)
  A mottled draconian zombie (Crypt:5)
  A purple draconian zombie (Tomb:2)
  2 salamanders (shapeshifter)
  65 yaktaurs
  18 naga magi
  3 raiju (Abyss:1)
  A merfolk (shapeshifter) (Vaults:5)
  A yaktaur (shapeshifter) (Depths:1)
  A mermaid (shapeshifter) (Vaults:4)
  A blue devil (Tomb:2)
  A troll (shapeshifter) (Vaults:4)
  10 fire drakes
  An ancient zyme (Abyss:1)
  A brown ooze (Depths:2)
  24 merfolk
  A yaktaur skeleton (D:16)
  A green draconian skeleton (Crypt:3)
  A purple draconian skeleton (Crypt:1)
  Grinder (D:4)
  39 guardian mummies
  A hydra zombie (D:16)
  2 iron devils
  A hellwing (Tomb:2)
  8 giant fireflies (Lair:8)
  16 spriggans
  2 demonic crawlers (D:13)
  16 two-headed ogres
  A jumping spider (shapeshifter) (Vaults:3)
  3 komodo dragons
  10 freezing wraiths
  8 deep elf priests
  A snapping turtle (shapeshifter) (Vaults:5)
  12 trolls
  2 catoblepas zombies
  27 slime creatures
  4 wind drakes
  21 deep elf magi
  23 blink frogs
  A slime creature (shapeshifter) (Vaults:5)
  A frost giant simulacrum (Vaults:2)
  A raven (shapeshifter) (Depths:1)
  2 very ugly thing zombies (Crypt:2)
  11 flying skulls
  7 snapping turtles
  2 red wasp zombies
  5 boulder beetles
  2 spectral orcs (D:10)
  4 ravens (Depths:5)
  40 ugly things
  A trapdoor spider (Lair:6)
  A trapdoor spider (shapeshifter) (Vaults:5)
  2 ice dragon zombies
  4 formicids (D:11)
  A giant leech (shapeshifter) (Depths:3)
  9 basilisks
  38 yaks
  2 redbacks (Vaults:5)
  5 grizzly bears (Lair:8)
  2 redbacks (shapeshifter)
  A wyvern (shapeshifter) (Depths:2)
  8 sharks
  7 water elementals
  2 ynoxinuls (Abyss:1)
  A hill giant zombie (D:16)
  A tarantella (shapeshifter) (Vaults:1)
  5 vampires
  5 wyverns
  2 hungry ghosts
  7 wraiths
  Eustachio (D:7)
  2 golden eyes (shapeshifter)
  An elephant slug (Lair:4)
  12 hippogriffs
  21 deep elf fighters
  5 shadows
  A black mamba skeleton (Crypt:3)
  A clay golem (D:15)
  A hill giant skeleton (D:14)
  A monstrous demonspawn zombie (Crypt:5)
  9 necrophages
  A mottled dragon (shapeshifter) (Vaults:5)
  2 vampire mosquitoes (D:16)
  28 wolves
  A chaos spawn (Abyss:1)
  3 neqoxecs (Abyss:1)
  2 soldier ants (shapeshifter)
  A mottled dragon (D:15)
  5 porcupines
  9 small abominations (Abyss:1)
  An agate snail zombie (Crypt:2)
  56 nagas
  26 orc warriors
  6 black bears
  A hell hound (D:14)
  2 sky beasts
  A merfolk skeleton (Crypt:5)
  A spiny frog skeleton (Crypt:2)
  3 giant goldfish
  49 ogres
  A phantom (D:14)
  11 ice beasts
  A boring beetle (Lair:8)
  A rotting devil (Depths:5)
  22 centaurs
  A yellow wasp (D:11)
  7 crocodiles
  4 big kobolds
  13 water moccasins
  19 giant frogs
  7 giant slugs
  A salamander zombie (Crypt:1)
  6 wargs
  A brain worm (shapeshifter) (Depths:1)
  3 elf zombies
  A giant slug (shapeshifter) (Vaults:5)
  A wyvern zombie (Crypt:2)
  5 agate snails
  A spiny worm simulacrum (Vaults:1)
  An insubstantial wisp (Abyss:1)
  A draconian skeleton (Crypt:5)
  An elf skeleton (D:4)
  3 cyclops skeletons
  2 hippogriff zombies
  6 killer bees (D:12)
  2 troll skeletons
  2 electric eels
  A human simulacrum (Vaults:3)
  6 wights
  A hippogriff skeleton (D:8)
  5 crimson imps
  2 big fish (Lair:2)
  14 hounds
  3 centaur zombies
  A gnoll shaman (D:4)
  4 human zombies
  5 jellies
  A giant frog skeleton (D:12)
  11 orc priests
  6 starcursed masses (Abyss:1)
  6 goliath beetles
  A scorpion (D:10)
  2 centaur skeletons
  4 sirens
  2 basilisk zombies
  4 orange rats (Elf:2)
  A black bear skeleton (Crypt:1)
  6 iron imps
  2 human skeletons (D:4)
  4 quasits
  A two-headed ogre skeleton (D:8)
  4 iguanas
  12 mermaids
  16 orc wizards
  5 worker ants
  4 grizzly bear simulacra (Lair:8)
  4 drowned souls
  13 sheep
  An ogre zombie (Crypt:4)
  A big kobold zombie (Ossuary)
  A felid zombie (Crypt:3)
  A crocodile skeleton (Crypt:3)
  A hound zombie (Crypt:5)
  A hound skeleton (Crypt:4)
  12 mummies
  5 boggarts
  6 gnolls (D:4)
  A green rat (shapeshifter) (Vaults:5)
  49 green rats
  A hound simulacrum (Lair:8)
  2 orange rat zombies (Crypt:5)
  21 adders
  A steam dragon zombie (Crypt:2)
  A giant centipede (Lair:1)
  A naga simulacrum (Crypt:4)
  7 white imps
  6 giant mites
  5 worms
  6 ufetubi
  A worm (shapeshifter) (Depths:3)
  An adder zombie (D:7)
  5 grey rats
  A giant eyeball (D:7)
  2 sheep simulacra (Lair:8)
  5 giant geckos
  An ooze (D:4)
  93 orcs
  A bat skeleton (Crypt:3)
  4 giant cockroaches
  12 goblins
  12 hobgoblins
  17 jackals
  A jackal (shapeshifter) (Vaults:5)
  19 kobolds
  8 quokkas
  4 ball pythons
  15 bats
  A giant gecko skeleton (D:5)
  6 giant newts
  A giant spore (D:11)
  A goblin zombie (Ossuary)
  10 hobgoblin zombies (Ossuary)
  5 illusory rakshasas (Abyss:1)
  2 kobold skeletons
  8 kobold zombies (Ossuary)
  3 orc skeletons (D:4)
  7 orc zombies
  27 rats
  4 rat simulacra (Lair:8)
  2 rat zombies (Ossuary)
  5 ballistomycetes (D:11)
  A crawling corpse (Depths:3)
  A fungus (Elf:1)
  2 plants
  2 starspawn tentacles (Abyss:1)
  A tentacle (Shoals:5)
2350 creatures vanquished.

Vanquished Creatures (others)
  A tengu reaver (Depths:3)
  2 fire giants
  A deep elf high priest (Depths:3)
  A centaur warrior (Vaults:3)
  2 deep elf knights (Elf:1)
  An anaconda skeleton (Crypt:3)
  An ironbrand convoker (Vaults:1)
  A red wasp (Vaults:4)
  A vault sentinel (Vaults:1)
  2 yaktaurs (Depths:4)
  A demonic crawler (D:13)
  A water elemental (Depths:3)
  A deep elf fighter (Elf:3)
  A sky beast (Abyss:1)
  2 lost souls
  A yaktaur zombie (Vaults:4)
  2 starcursed masses (Abyss:1)
  11 drowned souls
  3 mummies
  A lurking horror (Abyss:1)
  3 plants
  12 starspawn tentacles (Abyss:1)
  170 starspawn tentacle segments (Abyss:1)
  10 tentacles (Shoals:5)
  98 tentacle segments (Shoals:5)
330 creatures vanquished.

Grand Total: 2680 creatures vanquished

Notes
Turn   | Place    | Note
--------------------------------------------------------------
     0 | D:1      | 4tharraofdagon, the Merfolk Gladiator, began the quest for the Orb.
     0 | D:1      | Reached XP level 1. HP: 16/16 MP: 1/1
    92 | D:2      | Reached XP level 2. HP: 18/23 MP: 2/2
   317 | D:3      | Reached skill level 5 in Polearms
   317 | D:3      | Reached XP level 3. HP: 28/28 MP: 3/3
   448 | D:3      | Found a snail-covered altar of Cheibriados.
   468 | D:3      | Became a worshipper of Cheibriados the Contemplative
   539 | D:4      | Reached skill level 1 in Armour
   539 | D:4      | Reached XP level 4. HP: 20/35 MP: 4/4
   551 | D:4      | Found a staircase to the Ecumenical Temple.
   594 | D:4      | Found a glowing drain.
   606 | D:4      | Reached skill level 6 in Polearms
   633 | Sewer    | Entered a sewer
   682 | Sewer    | Reached XP level 5. HP: 38/41 MP: 5/5
   861 | Sewer    | Reached skill level 5 in Dodging
   883 | Sewer    | Reached XP level 6. HP: 36/47 MP: 6/6
  1153 | Sewer    | Noticed a drowned soul
  1154 | Sewer    | Noticed a drowned soul
  1159 | Sewer    | Noticed a drowned soul
  1159 | Sewer    | Noticed a drowned soul
  1160 | Sewer    | Killed a drowned soul
  1160 | Sewer    | Killed a drowned soul
  1160 | Sewer    | Killed a drowned soul
  1177 | Sewer    | Noticed a drowned soul
  1181 | Sewer    | Noticed a drowned soul
  1182 | Sewer    | Killed a drowned soul
  1184 | Sewer    | Reached skill level 7 in Polearms
  1184 | Sewer    | Reached skill level 1 in Invocations
  1380 | D:4      | Found a glowing silver altar of Zin.
  1380 | D:4      | Found a sparkling altar of Nemelex Xobeh.
  1469 | D:4      | Noticed Grinder
  1471 | D:4      | Paralysed by Grinder for 7 turns
  1492 | D:4      | Killed Grinder
  1492 | D:4      | Reached skill level 8 in Polearms
  1492 | D:4      | Reached XP level 7. HP: 20/55 MP: 7/9
  1549 | D:4      | Found a sand-covered staircase.
  1567 | Ossuary  | Entered an ossuary
  1839 | Ossuary  | Reached XP level 8. HP: 5/61 MP: 11/11
  1867 | Ossuary  | HP: 2/61 [human zombie (6)]
  1900 | Ossuary  | Acquired Cheibriados' first power
  1907 | Ossuary  | Gained mutation: You can translocate small distances at will. [potion of mutation]
  1907 | Ossuary  | Gained mutation: You are partially covered in thin metallic scales (AC +2). [potion of mutation]
  1907 | Ossuary  | Gained mutation: You can breathe flames. [potion of mutation]
  1908 | Ossuary  | Gained mutation: You are surrounded by a mild repulsion field (EV +2). [potion of mutation]
  1908 | Ossuary  | Gained mutation: Your muscles are strong. (Str +2) [potion of mutation]
  2108 | D:4      | Reached skill level 9 in Polearms
  2258 | D:5      | Entered Level 5 of the Dungeon
  2407 | D:5      | Reached skill level 5 in Fighting
  2562 | D:5      | Acquired Cheibriados' second power
  2808 | D:7      | Found a white marble altar of Elyvilon.
  2836 | D:7      | Paralysed by a giant eyeball for 2 turns
  2865 | D:7      | Reached skill level 10 in Polearms
  2935 | D:7      | Reached XP level 9. HP: 59/69 MP: 15/15
  2964 | D:6      | Found Kliudang's General Store.
  2967 | D:6      | Bought a scroll of blinking for 82 gold pieces
  2967 | D:6      | Bought a scroll of noise for 15 gold pieces
  2967 | D:6      | Bought a scroll of identify for 30 gold pieces
  2967 | D:6      | Bought a scroll of random uselessness for 15 gold pieces
  3097 | D:7      | Noticed Eustachio
  3127 | D:7      | Killed Eustachio
  3137 | D:7      | Noticed Pikel
  3180 | D:7      | Killed Pikel
  3180 | D:7      | Reached skill level 11 in Polearms
  3180 | D:7      | Reached skill level 1 in Evocations
  3625 | D:9      | Reached skill level 5 in Invocations
  3650 | D:9      | Got an ichor-stained ring mail
  3663 | D:9      | Identified the +3 ring mail "Xaruto Jetoa" {SInv} (You found it on level 9 of the Dungeon)
  3691 | D:9      | Found a staircase to the Orcish Mines.
  3774 | D:9      | Acquired Cheibriados' third power
  3831 | D:10     | Entered Level 10 of the Dungeon
  3841 | D:10     | Reached XP level 10. HP: 77/77 MP: 18/18
  3876 | D:10     | Noticed a hill giant
  3878 | D:10     | Noticed a spiny worm
  3878 | D:10     | a hill giant changed into a spiny worm
  3881 | D:10     | Noticed an anaconda
  3881 | D:10     | a spiny worm changed into an anaconda
  3900 | D:10     | Killed an anaconda
  3900 | D:10     | Reached skill level 12 in Polearms
  3914 | D:10     | Found a shattered altar of Ashenzari.
  3954 | D:10     | Noticed a hill giant
  3981 | D:10     | Killed a hill giant
  3990 | D:10     | Found a staircase to the Lair.
  4144 | D:10     | Got a bloodstained helmet
  4150 | D:10     | Identified the cursed -4 helmet "Ympifeof" {Dam+5} (You found it on level 10 of the Dungeon)
  4305 | D:10     | Noticed Maurice
  4310 | D:10     | Noticed Maurice
  4310 | D:10     | Maurice changed into Maurice the wyvern
  4324 | D:10     | Killed Maurice the wyvern
  4361 | D:10     | Noticed Nergalle
  4369 | D:10     | Killed Nergalle
  4423 | D:11     | Reached skill level 13 in Polearms
  4442 | D:11     | Reached XP level 11. HP: 72/85 MP: 13/21
  4554 | D:11     | Reached skill level 5 in Evocations
  4680 | Lair:1   | Entered Level 1 of the Lair of Beasts
  4724 | Lair:1   | Gained mutation: You are clumsy. (Dex -2) [potion of mutation]
  4724 | Lair:1   | Gained mutation: Your vision is a little blurry. [potion of mutation]
  4761 | Lair:1   | Gained mutation: You are partially covered in iridescent scales (AC +4). [potion of mutation]
  4829 | Lair:1   | Reached skill level 5 in Armour
  4866 | Lair:1   | Noticed Fannar
  4893 | Lair:1   | Killed Fannar
  5031 | Lair:2   | Reached skill level 10 in Dodging
  5129 | Lair:2   | Reached skill level 14 in Polearms
  5365 | Lair:4   | Noticed a death yak
  5374 | Lair:4   | Noticed a death yak
  5375 | Lair:4   | Noticed a death yak
  5375 | Lair:4   | Noticed a death yak
  5375 | Lair:4   | Noticed a death yak
  5409 | Lair:3   | Killed a death yak
  5423 | Lair:3   | Identified the Compendium of Transmutation
  5464 | Lair:3   | Reached XP level 12. HP: 84/94 MP: 23/23
  5566 | Lair:3   | Found a staircase to the Snake Pit.
  5703 | Lair:4   | Reached skill level 15 in Polearms
  6131 | Lair:4   | Killed a death yak
  6155 | Lair:4   | Killed a death yak
  6174 | Lair:4   | Killed a death yak
  6196 | Lair:4   | Killed a death yak
  6236 | Lair:4   | Noticed a six-headed hydra
  6251 | Lair:4   | Killed a six-headed hydra
  6322 | Lair:4   | Reached skill level 16 in Polearms
  6369 | Lair:4   | Found a shattered altar of Ashenzari.
  6447 | Lair:4   | Noticed a death yak
  6447 | Lair:4   | Noticed a death yak
  6449 | Lair:4   | Noticed a death yak
  6449 | Lair:4   | Noticed a death yak
  6449 | Lair:4   | Noticed a death yak
  6449 | Lair:4   | Noticed a death yak
  6453 | Lair:4   | Killed a death yak
  6453 | Lair:4   | Killed a death yak
  6455 | Lair:4   | Killed a death yak
  6455 | Lair:4   | Killed a death yak
  6455 | Lair:4   | Reached XP level 13. HP: 52/103 MP: 24/26
  6455 | Lair:4   | Killed a death yak
  6455 | Lair:4   | Killed a death yak
  6455 | Lair:4   | Reached skill level 10 in Fighting
  6588 | Lair:5   | Found a staircase to the Shoals.
  6715 | Lair:5   | Reached skill level 17 in Polearms
  7393 | Lair:7   | Reached skill level 10 in Invocations
  7450 | Lair:7   | Gained mutation: You passively map a small area around you. [potion of mutation]
  7450 | Lair:7   | Gained mutation: You tend to lose your temper in combat. [potion of mutation]
  7450 | Lair:7   | Gained mutation: You often lose your temper in combat. [potion of mutation]
  7458 | Lair:8   | Entered Level 8 of the Lair of Beasts
  7902 | Lair:8   | Reached skill level 18 in Polearms
  7902 | Lair:8   | Reached XP level 14. HP: 110/110 MP: 27/27
  8105 | Lair:8   | Reached skill level 19 in Polearms
  8156 | Lair:8   | Found a viscous altar of Jiyva.
  8157 | Lair:8   | Found a staircase to the Slime Pits.
  8306 | Lair:8   | Learned a level 1 spell: Animate Skeleton
  8399 | Lair:8   | Reached skill level 1 in Spellcasting
  8821 | Lair:3   | Noticed a five-headed hydra
  8832 | Lair:3   | Killed a five-headed hydra
  9010 | D:11     | Noticed a hill giant
  9022 | D:11     | Killed a hill giant
  9480 | D:14     | Found Icedimp's Armour Shop.
  9490 | D:14     | Found Giwkier's Assorted Antiques.
  9527 | D:14     | Reached skill level 20 in Polearms
  9661 | D:14     | Reached skill level 10 in Armour
  9666 | D:14     | Reached skill level 21 in Polearms
  9678 | D:14     | HP: 4/110 [enormous slime creature (32)]
  9680 | D:14     | Found Wacosim's General Store.
  9689 | D:14     | Reached XP level 15. HP: 39/115 MP: 21/28
  9779 | D:14     | Bought a potion of might for 30 gold pieces
  9798 | D:14     | Found Blass' Gadget Shoppe.
  9803 | D:14     | Found Gajur's Food Emporium.
  9986 | D:15     | Entered Level 15 of the Dungeon
 10429 | Orc:1    | Entered Level 1 of the Orcish Mines
 10861 | Orc:2    | Found Grionom's Distillery.
 10865 | Orc:2    | Bought a potion of mutation for 39 gold pieces
 10865 | Orc:2    | Bought a potion of might for 32 gold pieces
 10865 | Orc:2    | Bought a potion of curing for 26 gold pieces
 10865 | Orc:2    | Bought a potion of curing for 26 gold pieces
 10867 | Orc:2    | Bought 2 potions of resistance for 182 gold pieces
 11290 | Orc:4    | Entered Level 4 of the Orcish Mines
 11368 | Orc:4    | Found Skoiw's Food Boutique.
 11385 | Orc:4    | Reached skill level 22 in Polearms
 11429 | Orc:4    | Found Atiunk's Magical Wand Shop.
 11441 | Orc:4    | Found Lahijeh's Jewellery Shoppe.
 11450 | Orc:4    | Found Skiezaxa's Antique Armour Boutique.
 11562 | Orc:4    | Bought a pair of glowing gloves for 45 gold pieces
 11562 | Orc:4    | Bought a fine helmet for 285 gold pieces
 11572 | Orc:4    | Identified the cursed -3 helmet "Lemiuthreuto" {Str-1} (You bought it in a shop on level 4 of the Orcish Mines)
 11610 | Orc:4    | Found a staircase to the Elven Halls.
 11795 | Orc:4    | LAND OF TRASH
 11795 | Orc:4    | Bought an uncursed ring of protection from magic for 350 gold pieces
 11795 | Orc:4    | Bought an uncursed amulet of clarity for 280 gold pieces
 11914 | Elf:1    | Entered Level 1 of the Elven Halls
 11928 | Elf:1    | Reached skill level 23 in Polearms
 11986 | Elf:1    | Found Sheo's General Store.
 12279 | Elf:1    | Found a frozen archway.
 12327 | IceCv    | Entered an ice cave
 12485 | Elf:1    | Reached skill level 24 in Polearms
 12598 | Elf:2    | Reached XP level 16. HP: 122/122 MP: 29/29
 12615 | Elf:3    | Entered Level 3 of the Elven Halls
 12655 | Elf:3    | Found a portal to a secret trove of treasure.
 12830 | Elf:3    | Noticed a deep elf master archer
 12844 | Elf:3    | Killed a deep elf master archer
 12906 | Elf:3    | The iron shot hits you! (0dmg)
 12920 | Elf:3    | Noticed an Ice Fiend
 12947 | Elf:3    | Noticed an Executioner
 12948 | Elf:3    | Noticed a deep elf blademaster
 12950 | Elf:3    | Noticed a deep elf master archer
 12983 | Elf:3    | Reached skill level 25 in Polearms
 13052 | Elf:3    | Got a fine ring mail
 13070 | Elf:3    | Noticed an Executioner
 13073 | Elf:3    | Killed an Executioner
 13078 | Elf:3    | Killed a deep elf master archer
 13294 | Elf:3    | Got a sparkling turquoise ring
 13311 | Elf:3    | Identified the ring "Qantoheg" {rElec rF+ rN+} (You took it off a deep elf demonologist on level 3 of the Elven Halls)
 13351 | Elf:3    | Reached skill level 26 in Polearms
 13357 | Elf:3    | Noticed a deep elf master archer
 13389 | Elf:3    | Killed a deep elf blademaster
 13398 | Elf:3    | Killed a deep elf master archer
 13567 | Elf:3    | Got a twisted morningstar
 13743 | Elf:3    | Got a fine hand axe
 14073 | Elf:3    | Reached skill level 27 in Polearms
 14085 | Elf:3    | Cast into the Abyss (deep elf sorcerer)
 14128 | Elf:3    | Escaped the Abyss
 14142 | Elf:3    | You resist the pull of the Abyss
 14171 | Elf:3    | Cast into the Abyss (deep elf demonologist)
 14183 | Abyss:1  | Found a corrupted altar of Lugonu.
 14218 | Abyss:1  | Noticed a tentacled starspawn
 14236 | Abyss:1  | Killed a tentacled starspawn
 14236 | Abyss:1  | Reached XP level 17. HP: 91/129 MP: 30/30
 14419 | Abyss:1  | Noticed a lich
 14539 | Abyss:1  | Noticed a lich
 14736 | Abyss:1  | Killed a lich
 14839 | Abyss:1  | Noticed a bone dragon
 15343 | Abyss:1  | Found a corrupted altar of Lugonu.
 15352 | Elf:3    | Escaped the Abyss
 15366 | Elf:3    | Identified the Collected Works on the Birds (You found it on level 3 of the Elven Halls)
 15375 | Elf:3    | Identified Resihin's Volume of the Volcanoes and Conjuration (You found it on level 3 of the Elven Halls)
 15461 | Elf:3    | Identified the Handbook of Ashen Dislocation (You found it on level 3 of the Elven Halls)
 15485 | Elf:3    | Noticed a deep elf master archer
 16239 | Elf:3    | Killed a deep elf master archer
 16263 | Elf:3    | Got a shimmering scale mail
 16755 | Elf:3    | Identified the Almanac of the Glacier
 16804 | Elf:3    | Identified the +4 scale mail "Brus Rug" {Dex+1} (You took it off a deep elf priest on level 3 of the Elven Halls)
 16806 | Elf:3    | Identified the Collected Works on Weightlessness and Protection (You found it on level 3 of the Elven Halls)
 16834 | Elf:3    | Identified the +5 ring mail of Paranoia {Str+1} (You found it on level 3 of the Elven Halls)
 17020 | Elf:2    | Noticed Agnes
 17037 | Elf:2    | Killed Agnes
 17301 | Lair:1   | You fall through a shaft!
 17356 | Snake:1  | Entered Level 1 of the Snake Pit
 17656 | Snake:4  | Found Loosymionu's Distillery.
 17712 | Snake:4  | Bought a potion of strong poison for 26 gold pieces
 17712 | Snake:4  | Bought a potion of curing for 26 gold pieces
 17712 | Snake:4  | Bought a potion of might for 32 gold pieces
 17712 | Snake:4  | Bought a potion of invisibility for 71 gold pieces
 17796 | Snake:4  | Got a brightly glowing cloak
 17802 | Snake:4  | Identified the -6 cloak of Dawn {rF+ rC+ Str+3 Dam+2} (You found it on level 4 of the Snake Pit)
 18016 | Snake:5  | Entered Level 5 of the Snake Pit
 18258 | Snake:5  | Reached XP level 18. HP: 140/140 MP: 31/31
 18715 | Snake:5  | Got a serpentine rune of Zot
 19128 | Snake:5  | Upgraded the game from 0.14-a0-2723-gdc5d926 to 0.14-a0-2730-g72a2965
 19236 | Snake:1  | Noticed Snorg
 19348 | Snake:2  | Found Exusuiwa's Gadget Shop.
 19646 | Snake:1  | Killed Snorg
 20173 | Shoals:1 | Entered Level 1 of the Shoals
 20342 | Shoals:2 | Noticed Donald
 20365 | Shoals:2 | Killed Donald
 20430 | Shoals:2 | Noticed Saint Roka
 20495 | Shoals:2 | Reached skill level 1 in Shields
 20832 | Shoals:3 | Noticed Louise
 20859 | Shoals:3 | Killed Louise
 20859 | Shoals:3 | Reached XP level 19. HP: 149/149 MP: 31/31
 20932 | Shoals:4 | Noticed Frances
 21240 | Shoals:4 | Reached skill level 15 in Dodging
 21458 | Shoals:5 | Entered Level 5 of the Shoals
 21581 | Shoals:5 | Noticed Ilsuiw
 21601 | Shoals:5 | Killed Ilsuiw
 22068 | Shoals:5 | Learned a level 1 spell: Infusion
 22207 | Shoals:5 | Identified the Almanac of Calling and the Voyage (You found it on level 5 of the Shoals)
 22300 | Shoals:5 | Got a barnacled rune of Zot
 22444 | Shoals:5 | Reached skill level 5 in Shields
 22779 | D:11     | Noticed a cyclops
 22789 | D:11     | Killed a cyclops
 22898 | D:15     | Found a shimmering altar of Xom.
 23008 | D:16     | Entered Level 16 of the Dungeon
 23548 | D:16     | Found a staircase to the Depths.
 23642 | Depths:1 | Entered Level 1 of the Depths
 23774 | Depths:1 | Reached XP level 20. HP: 160/160 MP: 32/32
 23849 | Depths:1 | Found a gateway to Hell.
 23928 | Depths:1 | Found a one-way gate leading to the halls of Pandemonium.
 24040 | Depths:1 | Noticed a golden dragon
 24207 | Depths:1 | Killed a golden dragon
 24694 | Depths:2 | Found a one-way gate to the infinite horrors of the Abyss.
 24730 | Depths:2 | Noticed a golden dragon
 24747 | Depths:2 | Reached skill level 15 in Fighting
 24763 | Depths:2 | Killed a golden dragon
 24910 | Depths:2 | Reached skill level 15 in Armour
 25037 | Depths:2 | Gained mutation: You evolve. [potion of mutation]
 25277 | Depths:3 | Noticed Jory
 25357 | Depths:3 | Found Vaoda's Antique Armour Shoppe.
 25476 | Depths:3 | Bought a shiny large shield for 247 gold pieces
 25541 | Depths:4 | Paralysed by something for 2 turns
 25549 | Depths:4 | Paralysed by something for 2 turns
 25568 | Depths:4 | Reached XP level 21. HP: 77/168 MP: 32/32
 25951 | Depths:5 | Found a gateway to a ziggurat.
 25997 | Depths:5 | Noticed a golden dragon
 26017 | Depths:5 | Killed a golden dragon
 26031 | Depths:5 | Reached skill level 10 in Shields
 26180 | Depths:4 | Paralysed by a wizard for 5 turns
 26817 | Depths:6 | Entered Level 6 of the Depths
 27311 | Depths:5 | Found Kheno's Antique Weapon Shoppe.
 27700 | Depths:6 | Reached XP level 22. HP: 175/175 MP: 33/33
 28626 | Depths:6 | Gained mutation: You passively map the area around you. [potion of beneficial mutation]
 28996 | Depths:3 | Noticed a golden dragon
 28996 | Depths:3 | Killed Jory
 29014 | Depths:3 | Killed a golden dragon
 29023 | Depths:3 | Paralysed by a sphinx for 3 turns
 29025 | Depths:3 | HP: 8/180 [sphinx/divine providence (13)]
 29107 | Depths:3 | Gained mutation: You are very clumsy. (Dex -4) [potion of mutation]
 29107 | Depths:3 | Lost mutation: You evolve. [potion of mutation]
 29127 | Depths:3 | HP: 9/180 [stone giant (20)]
 29763 | D:15     | Found a gate to the Vaults.
 29770 | Vaults:1 | Entered Level 1 of the Vaults
 29910 | Vaults:1 | Found Xassadi's Armour Shop.
 30078 | Vaults:1 | Found Scheul's Jewellery Shop.
 30121 | Vaults:1 | Bought an uncursed ring of sustain abilities for 192 gold pieces
 30146 | Vaults:1 | Noticed Aizul
 30177 | Vaults:1 | Killed Aizul
 30205 | Vaults:1 | Noticed Rupert
 30206 | Vaults:1 | Noticed Nikola
 30251 | Vaults:1 | Killed Nikola
 30251 | Vaults:1 | Reached XP level 23. HP: 187/187 MP: 34/34
 30284 | Vaults:1 | Killed Rupert
 30331 | Vaults:1 | hit me faggat
 30367 | Vaults:1 | Reached skill level 15 in Shields
 30768 | Vaults:4 | Found Viufoack's General Store.
 31633 | Vaults:5 | Entered Level 5 of the Vaults
 31638 | Vaults:5 | Reached XP level 24. HP: 177/199 MP: 15/34
 32791 | Vaults:5 | Got a crystal spear
 33044 | Vaults:5 | Got a jewelled chain mail
 33045 | Vaults:5 | Identified the +6,+4 spear of the Silent Majority {holy, Int+1} (You found it on level 5 of the Vaults)
 33045 | Vaults:5 | Identified the +2 chain mail "Liavoef" {Str+1 Acc+4 Dam+4} (You took it off a vault warden on level 5 of the Vaults)
 33085 | Vaults:5 | Learned a level 2 spell: Repel Missiles
 33100 | Vaults:5 | Learned a level 3 spell: Regeneration
 33103 | Vaults:5 | Learned a level 2 spell: Song of Slaying
 33106 | Vaults:5 | Learned a level 2 spell: Shroud of Golubria
 33110 | Vaults:5 | Learned a level 3 spell: Spectral Weapon
 33272 | Vaults:5 | Got a glittering copper ring
 33400 | Vaults:5 | Noticed Jorgrun
 33467 | Vaults:5 | Killed Jorgrun
 33480 | Vaults:5 | Got a silver rune of Zot
 33483 | Vaults:5 | Identified the ring "Houcesho" {rC+ Str-2} (You took it off an ironheart preserver on level 5 of the Vaults)
 33898 | Vaults:3 | Found a gateway to a bazaar.
 33960 | Bazaar   | Entered a bazaar
 33973 | Bazaar   | Found Unkinuor's Antique Weapon Emporium.
 33973 | Bazaar   | Found Pnaewarr's Book Emporium.
 34007 | Bazaar   | Found Gruolug's Antique Armour Shoppe.
 34007 | Bazaar   | Found Grexesei's Jewellery Shoppe.
 34025 | Bazaar   | Bought the macabre finger necklace {Ward} for 154 gold pieces
 34025 | Bazaar   | Bought an uncursed amulet of resist mutation for 280 gold pieces
 34025 | Bazaar   | Bought a cursed -4 ring of evasion for 14 gold pieces
 34025 | Bazaar   | Bought a cursed -4 ring of protection for 14 gold pieces
 34028 | Bazaar   | Bought an uncursed ring of see invisible for 105 gold pieces
 34822 | Vaults:2 | Found a staircase to the Crypt.
 34844 | Crypt:1  | Entered Level 1 of the Crypt
 34944 | Crypt:1  | Reached XP level 25. HP: 211/211 MP: 35/35
 35327 | Crypt:3  | Noticed Sojobo
 35355 | Crypt:3  | Lost mutation: You are very clumsy. (Dex -4) [potion of mutation]
 35355 | Crypt:3  | Gained mutation: You have a fast metabolism. [potion of mutation]
 35355 | Crypt:3  | Lost mutation: You have a fast metabolism. [potion of mutation]
 35556 | Crypt:4  | Reached skill level 1 in Charms
 35611 | Crypt:5  | Entered Level 5 of the Crypt
 35643 | Crypt:5  | Reached skill level 1 in Necromancy
 35868 | Crypt:5  | Noticed an ancient lich
 36141 | Crypt:5  | Paralysed by an ancient lich for 2 turns
 36145 | Crypt:5  | Killed an ancient lich
 36145 | Crypt:5  | Reached skill level 5 in Charms
 36164 | Crypt:5  | Got a sparkling wooden ring
 36164 | Crypt:5  | Got a steaming iron ring
 36197 | Crypt:5  | Lost mutation: Your vision is a little blurry. [potion of mutation]
 36234 | Crypt:5  | Paralysed by a vampire knight for 3 turns
 36296 | Crypt:3  | Killed Sojobo
 36693 | Crypt:3  | Reached skill level 5 in Necromancy
 36715 | Crypt:3  | Identified the ring "Lorobb" {rF+ rN+ Acc-4 Stlth++} (You took it off a ghoul on level 5 of the Crypt)
 36790 | Crypt:3  | Identified the ring of Shritas {Hunger+ +Inv rPois rN+} (You took it off a necrophage on level 5 of the Crypt)
 36809 | Crypt:3  | Noticed Margery
 36846 | Crypt:3  | Killed Margery
 37110 | Crypt:3  | Noticed Xtahua
 37129 | Crypt:3  | Killed Xtahua
 37518 | Crypt:2  | Found a staircase to the Tomb.
 37535 | Tomb:1   | Entered Level 1 of the Tomb of the Ancients
 37750 | Tomb:2   | Cast into the Abyss (a Zot trap)
 37750 | Abyss:1  | Found a corrupted altar of Lugonu.
 37788 | Abyss:1  | Reached XP level 26. HP: 156/205 MP: 28/35
 38043 | Abyss:1  | Found a corrupted altar of Lugonu.
 38089 | Abyss:1  | Gained mutation: You heal slowly when monsters are visible. [a neqoxec]
 38120 | Abyss:1  | Found a radiant altar of Vehumet.
 38167 | Abyss:1  | Found a corrupted altar of Lugonu.
 38250 | Tomb:2   | Escaped the Abyss
 38282 | Tomb:2   | Noticed a greater mummy
 38622 | Tomb:3   | Entered Level 3 of the Tomb of the Ancients
 38737 | Tomb:2   | Noticed a greater mummy
 38809 | Tomb:2   | Noticed a greater mummy
 38813 | Tomb:2   | HP: 5/201 [greater mummy/divine providence (14)]
 38824 | Tomb:3   | HP: 3/201 [indirect mummy death curse (26)]
 38837 | Tomb:3   | Killed by an indirect mummy death curse

Action                   |  1- 3 |  4- 6 |  7- 9 | 10-12 | 13-15 | 16-18 | 19-21 | 22-24 | 25-27 || total
-------------------------+-------+-------+-------+-------+-------+-------+-------+-------+-------++-------
Melee: Trident           |    30 |       |       |       |       |       |       |       |       ||    30
       Spear             |    54 |   282 |   746 |  1012 |  2017 |  2269 |  2926 |  2850 |  1046 || 13202
       Demon trident     |       |       |       |       |       |       |       |   108 |       ||   108
Throw: Throwing net      |     2 |     4 |     5 |       |       |       |       |       |       ||    11
       Dart              |       |       |       |     1 |       |       |       |       |       ||     1
 Cast: Regeneration      |       |       |       |       |       |       |       |       |    53 ||    53
Invok: Slouch            |       |       |     1 |    14 |    22 |    24 |    24 |    22 |    17 ||   124
       Bend Time         |       |       |       |       |     1 |       |       |       |       ||     1
       Step From Time    |       |       |       |       |       |     1 |     1 |       |       ||     2
 Abil: Breathe Fire      |       |       |     1 |       |       |       |       |       |       ||     1
       Blink             |       |       |       |       |       |       |     1 |       |       ||     1
       Evoke Teleportati |       |       |       |       |       |       |       |       |    12 ||    12
Evoke: Wand              |       |     1 |     9 |    19 |     5 |    37 |     3 |     1 |     3 ||    78
       Fan of gales      |       |       |       |       |       |     1 |       |       |       ||     1
       Phial of floods   |       |       |       |       |       |       |       |     1 |       ||     1
  Use: Scroll            |       |     2 |     6 |     7 |    25 |    31 |    15 |    24 |    14 ||   124
       Potion            |       |     1 |     5 |     6 |     5 |    27 |     7 |     6 |     7 ||    64
 Stab: Held in net/web   |     1 |     1 |     5 |       |       |     1 |       |       |       ||     8
       Sleeping          |       |       |       |     1 |       |       |       |       |       ||     1
       Invisible         |       |       |       |       |       |     4 |       |       |       ||     4
       Distracted        |       |       |       |       |       |       |       |     1 |     1 ||     2
